 Dungeon Crawl Stone Soup version 0.28-a0-1510-gd0f6b136d3 (webtiles) character file.

Game seed: 4967620190416959531

21 psuckher the Skirmisher (level 2, -29/27 HPs)
             Began as a Draconian Chaos Knight on Jan 14, 2022.
             Was a Plaything of Xom.
             Killed by an exploding kobold (32 damage)
             ... ignited by their inner flame
             ... on level 2 of the Dungeon.
             The game lasted 00:05:03 (1006 turns).

psuckher the Skirmisher (Draconian Chaos Knight)    Turns: 1006, Time: 00:05:09

Health: -29/27     AC:  4    Str: 14    XL:     2   Next: 65%
Magic:  2/2        EV: 12    Int: 12    God:    Xom [..*...]
Gold:   12         SH:  0    Dex: 10    Spells: 1/1 levels left

rFire   . . .      SeeInvis .   a - +0 falchion (chaos)
rCold   . . .      Faith    .   (no shield)
rNeg    . . .      Spirit   .   (armour unavailable)
rPois   .          Reflect  .   (helmet restricted)
rElec   .          Harm     .   (no cloak)
rCorr   .          Rampage  .   (no gloves)
Will    .....                   (no boots)
Stlth   +.........              (no amulet)
HPRegen 0.09/turn               (no ring)
MPRegen 0.08/turn               (no ring)

@: no status effects
A: AC +4, unfitting armour, cold-blooded
a: Renounce Religion


You were on level 2 of the Dungeon.
You worshipped Xom.
You were a toy of Xom.
You visited 1 branch of the dungeon, and saw 2 of its levels.

You collected 12 gold pieces.

Inventory:

Hand Weapons
 a - a +0 falchion of chaos (weapon)
Magical Staves
 g - a staff of death
Scrolls
 c - a scroll of torment {unknown}
 d - 2 scrolls of identify {unknown}
 f - a scroll of enchant armour {unknown}
Potions
 b - 2 potions of brilliance {unknown}


   Skills:
 + Level 3.6 Fighting
 + Level 3.4 Long Blades
 + Level 2.4 Dodging
 + Level 0.1 Stealth


You had one spell level left.
You didn't know any spells.
Your spell library was empty.

Dungeon Overview and Level Annotations

Branches:
Dungeon (2/15)

Altars:


Innate Abilities, Weirdness & Mutations

Your plain brown scales are hard. (AC +4)
You cannot fit into any form of body armour.
You are cold-blooded and may be slowed by cold attacks.


Message History

You barely miss the kobold.
Your tail-slap misses the kobold.
The kobold is moderately wounded.
The kobold completely misses you. The rat closely misses you.
You closely miss the kobold.
The kobold is moderately wounded.
The kobold hits you with a +0 dagger. The rat barely misses you.
The kobold misses you.
You completely miss the kobold.
The kobold is moderately wounded.
The rat bites you.
* * * LOW HITPOINT WARNING * * *
The kobold closely misses you. The rat bites you but does no damage.
You closely miss the kobold.
The kobold is moderately wounded.
The kobold barely misses you. The rat bites you but does no damage.
You hit the kobold.
You feel better.
Your tail-slap misses the kobold.
Your punch misses the kobold.
The kobold is heavily wounded.
The kobold hits you but does no damage. The rat bites you.
* * * LOW HITPOINT WARNING * * *
You closely miss the kobold.
Your tail-slap misses the kobold.
The kobold is heavily wounded.
The kobold hits you with a +0 dagger.
* * * LOW HITPOINT WARNING * * *
The rat closely misses you.
You closely miss the kobold.
Your tail-slap misses the kobold.
The kobold is heavily wounded.
The kobold barely misses you. The rat barely misses you.
As you read the scroll of immolation, it crumbles to dust.
The creatures around you are filled with an inner flame!
The kobold hits you with a +0 dagger.
* * * LOW HITPOINT WARNING * * *
The rat bites you but does no damage.
You hit the kobold.
The kobold explodes!
The fiery explosion engulfs the goblin!!!
The fiery explosion engulfs you!!
Ouch! That really hurt!
You die...
Xom is highly amused!

######........##
... #....###..#
###...# #....#
##†##....#
#....# #....# ..
#....#
###.###....
###### #........
##.##..#+#
#..#######..# ##
..<..)§@...#...#
...#.§r§.....###
....#.......##
............#
............#
?...#.....#..#
....#...#.##...
... ..#.#.. ##.


You could see a rat (inner flame).

Vanquished Creatures
  A bat (D:2)
  4 endoplasms
  3 goblins
  A hobgoblin (D:2)
  A quokka (D:2)
  2 ball pythons (D:1)
  3 frilled lizards (D:1)
  4 kobolds
  4 rats (D:1)
23 creatures vanquished.

Notes
Turn   | Place    | Note
-------+----------+-------------------------------------------
     0 | D:1      | psuckher the Draconian Chaos Knight began the quest for the
                  | Orb.
     0 | D:1      | Reached XP level 1. HP: 19/19 MP: 1/1
   347 | D:1      | Reached XP level 2. HP: 21/26 MP: 2/2
   376 | D:1      | Found a faded altar of an unknown god.
  1006 | D:2      | Killed by an exploding kobold... ignited by their inner
                  | flame

Illustrated notes

Levels and vault maps discovered:
D:1:      wander_arrival_estate, layout_basic,
          hellmonk_ecumenical_altar_blasted, minmay_tetromino_o2
D:2:      cheibrodos_greedy_goblins, layout_rooms

Action                   || total
-------------------------++-------
Melee: Falchion          ||    73
       Tailslap          ||    10
  Use: Scroll            ||     1
Armor: Skin              ||    30
Dodge: Dodged            ||    44

Table legend: (Time is in decaauts)
 A = Elapsed time spent in this place.
 B = Non-inter-level travel time spent in this place.
 C = Inter-level travel time spent in this place.
 D = Time resting spent in this place.
 E = Time spent auto-exploring this place.
 F = Levels seen in this place.
 G = Mean time per level.
                   A        B        C        D        E       F      G
               +--------+--------+--------+--------+--------+-----+--------+
         Total |   1022 |    839 |    183 |      0 |      0 |   2 |  511.0 |
       Dungeon |   1022 |    839 |    183 |      0 |      0 |   2 |  511.0 |
               +--------+--------+--------+--------+--------+-----+--------+

Top non-repeatable levels by time:
     D:1: 936 daAuts
     D:2: 86 daAuts
